 Dungeon Crawl Stone Soup version 0.30-a0-726-gd89dcf765f (webtiles) character file.

Game seed: 5594572212888107460

55917 Oxelix the Severer (level 14, -5/127 HPs)
             Began as a Minotaur Fighter on Jan 28, 2023.
             Was an Elder of Wu Jian.
             Slain by an ettin
             ... wielding a +0 dire flail
              (28 damage)
             ... on level 1 of the Orcish Mines on Jan 29, 2023.
             The game lasted 00:39:51 (16788 turns).

Oxelix the Severer (Minotaur Fighter)              Turns: 16788, Time: 00:39:51

Health: -5/127     AC: 26    Str: 26    XL:     14   Next: 40%
Magic:  13/13      EV: 13    Int:  5    God:    Wu Jian [****..]
Gold:   2888       SH:  0    Dex: 10    Spells: 13/13 levels left

rFire   . . .      SeeInvis .    k - +4 war axe of Xihipp {speed, rElec Stlth+}
rCold   . . .      Faith    .    V - +0 tower shield
rNeg    . . .      Spirit   .    l - +0 plate armour
rPois   +          Reflect  .    (helmet restricted)
rElec   +          Harm     .    d - +1 cloak {rPois}
rCorr   .          Rampage  .    (no gloves)
Will    +....                    (no boots) Stlth
                                 (no amulet)
HPRegen 0.41/turn                U - ring of the Tortoise {AC+8}
MPRegen 0.13/turn                E - +5 ring of evasion

@: confused, in a heavenly storm, glowing
A: horns 2, retaliatory headbutt
a: Renounce Religion, Wall Jump, Serpent's Lash


You were on level 1 of the Orcish Mines.
You worshipped Wu Jian.
Wu Jian was greatly pleased with you.
You visited 4 branches of the dungeon, and saw 19 of its levels.

You collected 3078 gold pieces.
You spent 190 gold pieces at shops.

Inventory:

Hand Weapons
 k - the +4 war axe of Xihipp (weapon) {speed, rElec Stlth+}
   (You found it on level 2 of the Dungeon)

   rElec:     It insulates you from electricity.
   Stlth:     It makes you more stealthy.
 X - the +10 sling "Suemicy" {drain, *Corrode rElec Int-3 Dex+5}
   (You found it on level 5 of the Lair of Beasts)

   Int:       It affects your intelligence (-3).
   Dex:       It affects your dexterity (+5).
   rElec:     It insulates you from electricity.
   *Corrode:  It may corrode you when you take damage.
Missiles
 p - 8 boomerangs (quivered)
 x - 2 datura-tipped darts
 y - 7 poisoned darts
 M - 5 javelins
Armour
 d - a +1 cloak of poison resistance (worn)
 i - a +2 cloak
 l - a +0 plate armour (worn)
 V - a +0 tower shield (worn)
Jewellery
 t - a ring of protection from cold
 z - a ring of resist corrosion
 E - a +5 ring of evasion (right hand)
 F - a ring of positive energy
 N - a ring of fire
 U - the ring of the Tortoise (left hand) {AC+8}
   (You found it on level 3 of the Lair of Beasts)

   [ring of protection]

   AC:        It affects your AC (+8).
Wands
 a - a wand of digging (21)
 f - a wand of polymorph (9)
 G - a wand of paralysis (18)
 I - a wand of roots (13)
 P - a wand of flame (8)
Scrolls
 b - 12 scrolls of teleportation
 c - 3 scrolls of enchant armour
 e - 5 scrolls of fog
 g - 4 scrolls of identify
 h - a scroll of silence
 j - 2 scrolls of amnesia
 n - 2 scrolls of magic mapping
 q - 2 scrolls of vulnerability
 s - 3 scrolls of fear
 w - 2 scrolls of enchant weapon
 D - 2 scrolls of poison
 K - a scroll of torment
 L - 3 scrolls of brand weapon
 R - a scroll of immolation
 T - 2 scrolls of blinking
Potions
 m - 2 potions of flight
 o - 2 potions of heal wounds
 r - a potion of might
 u - a potion of lignification
 v - 8 potions of curing
 A - 4 potions of haste
 C - a potion of mutation
 H - 4 potions of invisibility
 J - 4 potions of brilliance
 O - a potion of resistance
 Q - 6 potions of ambrosia
 S - a potion of berserk rage
Miscellaneous
 B - a piece from Xom's chessboard (15/15)
 W - a phial of floods


   Skills:
 + Level 12.9 Fighting
 - Level 16.0 Axes
 * Level 10.0 Throwing
 - Level 13.0 Armour
 - Level 16.0 Shields


You had 13 spell levels left.
You didn't know any spells.
Your spell library contained the following spells:

 Spells                   Type           Power      Damage    Failure   Level
 Cigotuvi's Dreadful Rot  Necr/Pois/Air  0%         N/A       100%        2
 Poisonous Vapours        Pois/Air       0%         N/A       100%        2
 Call Canine Familiar     Summ           0%         N/A       100%        3
 Mephitic Cloud           Conj/Pois/Air  0%         N/A       100%        3
 Portal Projectile        Hex/Tloc       0%         N/A       100%        3
 Leda's Liquefaction      Hex/Erth       0%         N/A       100%        4


Dungeon Overview and Level Annotations

Branches:
Dungeon (12/15)            Temple (1/1) D:5            Lair (5/5) D:11
 Shoals (0/4) Lair:2        Snake (0/4) Lair:2        Slime (0/5) Lair:4
    Orc (1/2) D:9

Altars:
Ashenzari
Cheibriados
Dithmenos
Elyvilon
Fedhas
Gozag
Hepliaklqana
Kikubaaqudgha
Makhleb
Nemelex Xobeh
Okawaru
Qazlal
Ru
Sif Muna
Trog
Uskayaw
Vehumet
Wu Jian
Xom
Yredelemnul
Zin
The Shining One

Shops:
D:5 =   D:7 ?


Innate Abilities, Weirdness & Mutations

You have a pair of horns on your head.
You reflexively headbutt those who attack you in melee.


Message History

You barely miss the orc warrior. You slash the orc warrior!
You kill the orc warrior!
The Council accepts your kill.
You hear a shout! x2
You're too confused to move!
The ettin misses you.
The ettin hits you with a +0 dire flail!!
* * * LOW HITPOINT WARNING * * *
The orc warrior hits you from afar with a +0 halberd.
* * * LOW HITPOINT WARNING * * *
The orc warrior hits you but does no damage.
The orc warrior hits you with a +2 hand axe of freezing!
* * * LOW HITPOINT WARNING * * *
The orc warrior freezes you.
* * * LOW HITPOINT WARNING * * *
You feel much better.
The ettin hits you with a +0 dire flail!
* * * LOW HITPOINT WARNING * * *
The ettin hits you with a +0 dire flail!!
* * * LOW HITPOINT WARNING * * *
An orc warrior comes into view. It is wielding a +0 short sword.
The orc warrior hits you from afar with a +0 halberd!
* * * LOW HITPOINT WARNING * * *
The orc warrior barely misses you. The orc warrior closely misses you.
The orc closely misses you.
You feel much better. The ettin barely misses you.
The ettin completely misses you. The orc warrior barely misses you.
The orc warrior hits you with a +0 flail.
* * * LOW HITPOINT WARNING * * *
The orc warrior hits you but does no damage.
The orc closely misses you.
An orc warrior comes into view. It is wielding a +0 halberd.
The orc warrior attacks as you move away!
The orc warrior hits you but does no damage.
The orc warrior closely misses you.
You slice the orc warrior!! Your headbutt misses the orc warrior.
The orc warrior is almost dead.
You closely miss the orc warrior. You barely miss the ettin.
You hit the orc warrior but do no damage.
The ettin hits you with a +0 dire flail!!
You die...

............#
............#
...oo....$..#
...o........#
.....§○☼§§☼.##+#
.$.#.☼§§§☼☼.....
.....§ooo§§...#
.....☼§C§o☼.###
....#☼☼o@o☼##
#.# ##§§§§§.# #
###☼§☼....
.....##.# .....#
# .###$## # ##


You could see an ettin, 5 orc warriors and an orc.

Vanquished Creatures
  2 dire elephants (Lair:5)
  Fannar (Lair:2)
  4 hydras
  A catoblepas (Lair:5)
  Erica (Orc:1)
  9 death yaks (Lair:5)
  A two-headed ogre (D:9)
  A boulder beetle (Lair:4)
  An orc high priest (Orc:1)
  Sonja (Lair:1)
  2 harpies (Lair:2)
  The ghost of temitten the Digger, a novice DrEE of Vehumet (D:7)
  3 lindwurms (Lair:5)
  A cyclops (D:12)
  A salamander (Lair:2)
  2 manticores (Lair:5)
  A moth of wrath (D:7)
  17 elephants
  7 black mambas
  2 gargoyles (D:11)
  11 cane toads
  An unseen horror (D:7)
  4 rime drakes
  6 komodo dragons
  A queen bee (Lair:2)
  12 polar bears
  A blink frog (Lair:5)
  4 raiju (Lair:5)
  Prince Ribbit (D:8)
  13 dream sheep (Lair:5)
  A wraith (D:10)
  29 yaks
  6 wyverns
  2 shadows
  A vampire (D:10)
  3 basilisks
  5 vampire mosquitoes (D:11)
  11 water moccasins
  5 wargs
  13 hell hounds (Lair:5)
  2 acid dragons
  18 black bears
  An orc warrior (Orc:1)
  4 sky beasts
  16 wolves
  An ogre (D:7)
  5 centaurs
  2 phantoms
  10 bullfrogs
  3 scorpions
  6 necrophages
  3 gnoll sergeants
  4 wights (D:8)
  19 killer bees (Lair:2)
  A vampire bat (D:9)
  4 howler monkeys
  An electric eel (Lair:1)
  3 lava snakes (Lair:2)
  2 jellies
  8 orc priests
  5 hounds
  5 iguanas
  A gnoll bouda (D:7)
  12 orc wizards
  7 adders
  18 gnolls
  3 white imps
  A worm (D:2)
  2 dart slugs
  37 orcs
  7 endoplasms
  4 giant cockroaches
  6 hobgoblins
  8 jackals
  4 kobolds
  A quokka (D:1)
  3 ball pythons
  12 bats
  A frilled lizard (D:2)
  9 goblins
  2 rats
450 creatures vanquished.

Vanquished Creatures (others)
  41 fungi
  87 plants
128 creatures vanquished.

Grand Total: 578 creatures vanquished

Notes
Turn   | Place    | Note
-------+----------+-------------------------------------------
     0 | D:1      | Oxelix the Minotaur Fighter began the quest for the Orb.
     0 | D:1      | Reached XP level 1. HP: 19/19 MP: 0/0
   102 | D:1      | Upgraded the game from 0.30-a0-722-g3e6e8c874d to
                  | 0.30-a0-726-gd89dcf765f
   132 | D:1      | Reached XP level 2. HP: 25/27 MP: 1/1
   470 | D:2      | Found a sacrificial altar of Ru.
   613 | D:2      | Reached XP level 3. HP: 33/33 MP: 2/2
   628 | D:2      | Identified the +4 war axe of Xihipp {speed, rElec Stlth+}
   926 | D:2      | Found a faded altar of an unknown god.
   930 | D:2      | You fall into a shaft and drop 2 floors!
   943 | D:3      | Noticed a necrophage
   949 | D:3      | Killed a necrophage
   950 | D:3      | Reached XP level 4. HP: 41/41 MP: 3/3
  1229 | D:2      | Reached skill level 5 in Fighting
  1988 | D:4      | Reached XP level 5. HP: 40/48 MP: 4/4
  2796 | D:5      | Entered Level 5 of the Dungeon
  2796 | D:5      | Found a staircase to the Ecumenical Temple.
  2808 | D:5      | Reached skill level 5 in Axes
  2824 | Temple   | Entered the Ecumenical Temple
  3011 | Temple   | Became a worshipper of the Wu Jian Council
  3102 | D:5      | Noticed a phantom
  3108 | D:5      | Killed a phantom
  3109 | D:5      | Reached XP level 6. HP: 56/57 MP: 5/5
  3181 | D:5      | Noticed a water moccasin
  3187 | D:5      | Killed a water moccasin
  3248 | D:5      | Found a white marble altar of Elyvilon.
  3299 | D:5      | Found Meemaz's Jewellery Shop.
  3308 | D:5      | Reached XP level 7. HP: 65/66 MP: 6/6
  4048 | D:6      | Found an ancient bone altar of Kikubaaqudgha.
  4124 | D:6      | Reached * piety under Wu Jian
  4125 | D:6      | Reached XP level 8. HP: 64/75 MP: 7/7
  4782 | D:7      | Noticed a moth of wrath
  4792 | D:7      | Found a transporter.
  4793 | D:7      | Noticed temitten's ghost (novice DrEE)
  4808 | D:7      | Found a transporter.
  4897 | D:7      | Found Zot Bule's Magic Scroll Emporium.
  4905 | D:7      | Bought a scroll of identify for 20 gold pieces
  4905 | D:7      | Bought a scroll of teleportation for 30 gold pieces
  4905 | D:7      | Bought a scroll of amnesia for 40 gold pieces
  4905 | D:7      | Bought a scroll of poison for 40 gold pieces
  4905 | D:7      | Bought a scroll of identify for 20 gold pieces
  4905 | D:7      | Bought a scroll of identify for 20 gold pieces
  4905 | D:7      | Bought a scroll of identify for 20 gold pieces
  4906 | D:7      | Identified 2 scrolls of acquirement
  4908 | D:7      | Acquired 722 gold pieces
  4912 | D:7      | Acquired 1139 gold pieces
  5027 | D:7      | Reached skill level 10 in Fighting
  5043 | D:7      | Reached skill level 10 in Axes
  5045 | D:7      | Killed an unseen horror
  5046 | D:7      | Reached XP level 9. HP: 16/85 MP: 8/8
  5601 | D:7      | Reached ** piety under Wu Jian
  6387 | D:8      | Reached skill level 5 in Armour
  6392 | D:8      | Reached skill level 5 in Shields
  6469 | D:8      | Reached XP level 10. HP: 93/93 MP: 9/9
  6502 | D:8      | Noticed Prince Ribbit
  6507 | D:8      | Killed Prince Ribbit
  6548 | D:8      | Found a radiant altar of Vehumet.
  6822 | D:9      | Found a staircase to the Orcish Mines.
  7012 | D:9      | Noticed a two-headed ogre
  7044 | D:9      | Killed a two-headed ogre
  7185 | D:9      | Reached *** piety under Wu Jian
  7627 | D:10     | Entered Level 10 of the Dungeon
  8646 | D:7      | Killed temitten's ghost
  8646 | D:7      | Killed a moth of wrath
  8646 | D:7      | Reached XP level 11. HP: 88/99 MP: 10/10
  9199 | D:10     | Reached **** piety under Wu Jian
  9311 | D:11     | Reached skill level 10 in Shields
  9315 | D:11     | Reached skill level 15 in Axes
  9315 | D:11     | Reached skill level 10 in Armour
  9458 | D:11     | Found a staircase to the Lair.
  9873 | D:12     | Noticed a two-headed ogre
 10082 | Lair:1   | Entered Level 1 of the Lair of Beasts
 10559 | Lair:1   | Noticed Sonja
 10596 | Lair:1   | Killed Sonja
 10596 | Lair:1   | Reached XP level 12. HP: 59/106 MP: 11/11
 11354 | Lair:2   | Found a staircase to the Shoals.
 11636 | Lair:2   | Noticed Fannar
 11659 | Lair:2   | Killed Fannar
 11793 | Lair:2   | Found a staircase to the Snake Pit.
 11803 | Lair:2   | Reached ***** piety under Wu Jian
 12001 | Lair:2   | You fall into a shaft and drop 1 floor!
 12521 | Lair:3   | Found a shadowy altar of Dithmenos.
 12754 | Lair:3   | Noticed a four-headed hydra
 12771 | Lair:3   | Killed a 15-headed hydra
 13073 | Lair:3   | Found the ring of the Tortoise {AC+8}
 13423 | Lair:4   | Noticed a four-headed hydra
 13440 | Lair:4   | Killed a 16-headed hydra
 13441 | Lair:4   | Reached skill level 1 in Throwing
 13719 | Lair:4   | Noticed a boulder beetle
 13742 | Lair:4   | Killed a boulder beetle
 13836 | Lair:4   | Reached XP level 13. HP: 113/113 MP: 12/12
 14209 | Lair:4   | Found a staircase to the Slime Pits.
 14466 | Lair:5   | Entered Level 5 of the Lair of Beasts
 14870 | Lair:5   | Reached skill level 5 in Throwing
 15134 | Lair:5   | Reached skill level 15 in Shields
 15405 | Lair:5   | Noticed a dire elephant
 15427 | Lair:5   | Killed a dire elephant
 15515 | Lair:5   | Reached XP level 14. HP: 116/126 MP: 13/13
 16150 | Lair:5   | Identified the +10 sling "Suemicy" {drain, *Corrode rElec
                  | Int-3 Dex+5}
 16761 | Orc:1    | Entered Level 1 of the Orcish Mines
 16762 | Orc:1    | Noticed Erica
 16781 | Orc:1    | Killed Erica
 16782 | Orc:1    | Reached skill level 10 in Throwing
 16785 | Orc:1    | HP: 2/127 [orc warrior/+0 halberd[an orc high priest] (13)]
 16788 | Orc:1    | Slain by an ettin

Illustrated notes

Levels and vault maps discovered:
D:1:      onia_arrival_pyramid, layout_rooms
D:2:      layout_basic, basic_ecumenical_altar, basic_altar
D:3:      layout_basic
D:4:      layout_basic
D:5:      layout_loops_cross, elyvilon_altar_1, minmay_temple_entry_sparse_star,
          nicolae_inconvenience_store, hellmonk_bongcloud_opening
D:6:      layout_cave_pods, kiku_gazebo_garden_becter,
          kennysheep_generic_room_15
D:7:      kennysheep_six_static_rooms, layout_basic,
          gammafunk_ghost_berserking_beasts, serial_shops, shop_fountains,
          kennysheep_another_room, minmay_holes, grunt_potential
D:8:      layout_basic, kennysheep_little_box, uniq_prince_ribbit1
D:9:      layout_loops_cross, david_orc_3, nrook_mini_backslash,
          roderic_batcave, kennysheep_decorative_pillar, kennysheep_boxes
D:10:     layout_roguey
D:11:     layout_rooms, due_lair_maze_entry_diamond, minmay_misc_feat_rows
D:12:     layout_long_grid, serial_shops, shop
Temple:   nicolae_temple_bog_church
Lair:1:   layout_gridlike, uniq_sonja
Lair:2:   layout_cave_pods, nicolae_shoals_entry_roost,
          nicolae_snake_entry_warm_welcome, special_room [special_room_bee],
          infiniplex_staircase_pool_2, uniq_fannar
Lair:3:   layout_chaotic_city, basic_altar
Lair:4:   layout_hall_layers, dpeg_slime_entry_corner, serial_bayou_shore_b,
          grunt_megastairs_3
Lair:5:   hangedman_lair_caniforms_friends, layout_regular_city,
          hangedman_lair_in_review
Orc:1:    layout_caves, basic_altar, minmay_orc_barracks, uniq_erica

Skill      XL: |  1  2  3  4  5  6  7  8  9 10 11 12 13 14 |
---------------+-------------------------------------------+-----
Armour         | 4 6 8 11 13 | 13.0
Shields        | 4 6 8 11 14 15 16 | 16.0
Fighting       | 4 5 6 7 8 10 12 | 12.9
Axes           | 3 4 5 6 7 10 12 14 15 16 | 16.0
Throwing       | 2 8 10 | 10.0

Action                     |  1- 3 |  4- 6 |  7- 9 | 10-12 | 13-15 || total
---------------------------+-------+-------+-------+-------+-------++-------
  Melee: War axe           |    64 |    64 |   204 |   629 |   441 ||  1402
         Headbutt          |     3 |     8 |    32 |   124 |   109 ||   276
  Throw: Boomerang         |       |       |       |     7 |     4 ||    11
         Dart              |       |       |       |     7 |       ||     7
 Invoke: Serpent's Lash    |       |       |       |     3 |     3 ||     6
         Heavenly Storm    |       |       |       |       |     2 ||     2
Ability: Lunge             |       |     3 |    20 |    35 |    21 ||    79
         Whirlwind         |       |       |     2 |    54 |    98 ||   154
         Wall Jump         |       |       |     2 |     6 |     3 ||    11
    Use: Potion            |     1 |       |     2 |     3 |     4 ||    10
         Scroll            |       |       |    15 |     1 |    10 ||    26
   Stab: Distracted        |       |       |       |       |     1 ||     1
         Petrified         |       |       |       |       |     3 ||     3
 Armour: Scale mail        |    36 |       |       |       |       ||    36
         Plate armour      |     5 |    29 |    92 |   240 |   127 ||   493
  Dodge: Dodged            |    30 |    17 |    45 |   179 |   147 ||   418
  Block: Buckler           |    16 |     4 |     6 |       |       ||    26
         Kite shield       |       |       |    41 |   230 |       ||   271
         Tower shield      |       |       |       |    34 |   245 ||   279

Table legend: (Time is in decaauts)
 A = Elapsed time spent in this place.
 B = Non-inter-level travel time spent in this place.
 C = Inter-level travel time spent in this place.
 D = Time resting spent in this place.
 E = Time spent auto-exploring this place.
 F = Levels seen in this place.
 G = Mean time per level.
                   A        B        C        D        E       F      G
               +--------+--------+--------+--------+--------+-----+--------+
         Total |  16518 |  15504 |   1014 |   2192 |  10483 |  19 |  869.4 |
       Dungeon |   9838 |   9172 |    666 |   1194 |   6248 |  12 |  819.8 |
        Temple |    205 |    199 |      6 |      0 |    150 |   1 |  205.0 |
          Lair |   6451 |   6109 |    342 |    998 |   4085 |   5 | 1290.2 |
  Orcish Mines |     23 |     23 |      0 |      0 |      0 |   1 |   23.0 |
               +--------+--------+--------+--------+--------+-----+--------+

Top non-repeatable levels by time:
  Lair:5: 1804 daAuts
     D:7: 1650 daAuts
  Lair:4: 1341 daAuts
  Lair:2: 1136 daAuts
  Lair:1: 1115 daAuts
    D:10: 1095 daAuts
    D:11: 1064 daAuts
  Lair:3: 1054 daAuts
     D:2: 916 daAuts
     D:5: 881 daAuts
     D:6: 864 daAuts
     D:9: 857 daAuts
     D:4: 805 daAuts
     D:3: 670 daAuts
     D:8: 600 daAuts
